 Dungeon Crawl Stone Soup version 0.28.0-53-g5a82cb258f (webtiles) character file.

Game seed: 10119836728211347995

8304 cbfl8 the Cleaver (level 11, -6/89 HPs)
             Began as a Demonspawn Berserker on July 20, 2022.
             Was an Elder of Trog.
             Mangled by a red devil
             ... wielding a +0 demon trident of venom
             ... summoned by a kobold demonologist
              (15 damage)
             ... on level 10 of the Dungeon.
             The game lasted 00:16:32 (13250 turns).

cbfl8 the Cleaver (Demonspawn Berserker)           Turns: 13250, Time: 00:16:33

Health: -6/89      AC:  5    Str: 23    XL:     11   Next: 8%
Magic:  0/11       EV:  7    Int: 11    God:    Trog [****..]
Gold:   271        SH: 11    Dex: 20    Spells: 10/10 levels left

rFire   . . .      SeeInvis .   D - +4 war axe
rCold   + . .      Faith    .   l - +0 kite shield
rNeg    . . .      Spirit   +   k - +0 plate armour
rPois   +          Reflect  .   (no helmet)
rElec   .          Harm     .   (no cloak)
rCorr   .          Rampage  .   o - +0 pair of gloves
Will    .....                   F - +0 pair of boots
Stlth   ..........              C - amulet of guardian spirit
HPRegen 0.24/turn               n - ring "Qoegahidwa" {rPois rC+ Will- Str+2 Int+3}
MPRegen 0.12/turn               L - +6 ring of dexterity

@: corroded
A: slimy green scales 1, powered by pain 2, spiny 1, demonic touch 2
a: Renounce Religion, Berserk, Trog's Hand, Brothers in Arms


You were on level 10 of the Dungeon.
You worshipped Trog.
Trog was greatly pleased with you.
You visited 1 branch of the dungeon, and saw 10 of its levels.
You also visited: Sewer and Ossuary.

You collected 518 gold pieces.
You spent 247 gold pieces at shops.

Inventory:

Hand Weapons
 a - a +0 hand axe
 D - a +4 war axe (weapon)
Missiles
 v - 5 throwing nets
Armour
 b - a +0 animal skin
 k - a +0 plate armour (worn)
 l - a +0 kite shield (worn)
 o - a +0 pair of gloves (worn)
 F - a +0 pair of boots (worn)
Jewellery
 j - a ring of fire
 n - the ring "Qoegahidwa" (left hand) {rPois rC+ Will- Str+2 Int+3}
   (You found it on level 2 of the Dungeon)

   [ring of poison resistance]

   Str:       It affects your strength (+2).
   Int:       It affects your intelligence (+3).
   rC:        It protects you from cold.
   rPois:     It protects you from poison.
   Will:      It decreases your willpower.
 C - an amulet of guardian spirit (around neck)
 L - a +6 ring of dexterity (right hand)
 M - a ring of see invisible
Wands
 t - a wand of acid (7)
 u - a wand of paralysis (13)
 B - a wand of iceblast (20) (quivered)
Scrolls
 c - a scroll of fear {unknown}
 i - 3 scrolls of noise
 q - 6 scrolls of teleportation
 s - 3 scrolls of blinking
 x - a scroll of fog
 y - a scroll of silence {unknown}
 J - a scroll of immolation {unknown}
 K - a scroll of amnesia {unknown}
 N - a scroll of enchant weapon {unknown}
Potions
 d - 5 potions of flight
 e - 2 potions of brilliance {unknown}
 f - 4 potions of invisibility
 h - 3 potions of degeneration {unknown}
 m - 5 potions of curing
 p - 5 potions of might
 r - a potion of resistance {unknown}
 w - a potion of magic {unknown}
 z - 2 potions of mutation {unknown}
 A - a potion of cancellation {unknown}
 E - 2 potions of attraction {unknown}
 G - 3 potions of haste {unknown}
 H - 2 potions of berserk rage {unknown}
 I - a potion of lignification {unknown}


   Skills:
 * Level 9.1 Fighting
 + Level 9.4 Axes
 + Level 6.5 Armour
 + Level 3.0 Dodging
 + Level 0.8 Stealth
 + Level 5.9 Shields
 * Level 5.3 Evocations


You had 10 spell levels left.
You didn't know any spells.
Your spell library was empty.

Dungeon Overview and Level Annotations

Branches:
Dungeon (10/15)            Temple (0/1) D:7           Sewer (visited)
Ossuary (visited)
   Lair: D:8-11         Orc: D:9-12

Altars:
Elyvilon
Fedhas
Makhleb

Shops:
D:1 [   D:5 (   D:8 *

Annotations:
D:10 6 exclusions


Innate Abilities, Weirdness & Mutations

You are partially covered in slimy green scales. (AC +2)
You sometimes gain power by taking damage.
You are partially covered in sharp spines.
Your touch may inflict irresistible damage on your foes.


Message History

The kobold demonologist is severely wounded.
You slash the rust devil! You hit the sun demon. You slash the iron imp!
You kill the iron imp!
The iron imp disappears in a puff of smoke!
The sun demon is struck by your spines. The sun demon hits you!!
You focus on the pain.
You feel your power returning.
You are engulfed in flames!!
The rust devil is struck by your spines.
The rust devil hits you. The rust devil corrodes you!
The kobold demonologist gestures wildly while chanting.
You slash the kobold demonologist!
The kobold demonologist is almost dead.
You slash the rust devil! You closely miss the sun demon.
The sun demon is struck by your spines. The sun demon hits you!
* * * LOW HITPOINT WARNING * * *
You are engulfed in flames!
* * * LOW HITPOINT WARNING * * *
The rust devil hits you.
* * * LOW HITPOINT WARNING * * *
The rust devil corrodes you! The sun demon is struck by your spines.
The sun demon hits you but does no damage.
The kobold demonologist barely misses you.
You block the red devil's attack.
You feel much better. The sun demon closely misses you.
The rust devil hits you.
* * * LOW HITPOINT WARNING * * *
The rust devil corrodes you!
You block the kobold demonologist's attack.
The red devil hits you but does no damage.
You feel much better. The sun demon hits you!
* * * LOW HITPOINT WARNING * * *
You are engulfed in flames!
* * * LOW HITPOINT WARNING * * *
You focus on the pain.
You feel your power returning. The rust devil hits you.
* * * LOW HITPOINT WARNING * * *
The rust devil corrodes you!
The kobold demonologist hits you with a +0 dagger.
* * * LOW HITPOINT WARNING * * *
The red devil hits you from afar with a +0 demon trident of venom!!
You die...

# # ################ #
...............# ####
...............######...
....)...................
>.......................
.....4)K................
......4@3...............
...###############......
.. #...... . #......
#...... #...... #......
#...... #......


You could see a sun demon (summoned), a rust devil (summoned), a kobold
demonologist and a red devil (summoned).

Vanquished Creatures
  The ghost of cbfl8 the Cleaver, a novice MiBe of Trog (D:6)
  The ghost of wrshamilton the Twirler, a novice MiVM (D:3)
  A kobold demonologist (D:10)
  3 trolls (D:9)
  10 yaks
  2 steam dragons (D:8)
  An acid dragon (D:8)
  A water moccasin (D:7)
  Duvessa (D:4)
  2 hornet zombies
  3 orc warriors (D:7)
  An ice beast (D:5)
  An ogre (D:7)
  2 black bears
  A necrophage (D:8)
  A centaur (D:9)
  A phantom (D:5)
  4 kobold brigands
  A gnoll sergeant (D:6)
  A bullfrog (D:8)
  3 scorpions
  4 water moccasin zombies
  Dowan (D:4)
  2 water moccasin skeletons
  19 wights
  4 howler monkeys
  A centaur zombie (D:3)
  3 bullfrog zombies
  4 hounds
  2 orc priests (D:7)
  3 bullfrog skeletons
  A centaur skeleton (D:6)
  3 iguanas
  A scorpion zombie (D:3)
  6 orc wizards
  A killer bee zombie (D:8)
  2 mummies (Ossuary)
  A howler monkey zombie (D:3)
  20 adders
  7 gnolls
  3 river rats (Sewer)
  4 ufetubi
  13 adder zombies (Ossuary)
  2 adder skeletons (D:4)
  2 worms
  15 orcs
  16 ball pythons
  3 endoplasms
  3 giant cockroaches
  5 gnoll zombies (Ossuary)
  7 goblins
  4 hobgoblins
  7 jackals
  3 quokkas
  5 bats
  8 frilled lizards
  2 hobgoblin zombies (Ossuary)
  25 kobolds
  3 kobold zombies (Ossuary)
  7 orc zombies (Ossuary)
  8 rats
272 creatures vanquished.

Vanquished Creatures (collateral kills)
  Joseph (D:8)
  A water moccasin (D:8)
  A kobold (D:10)
3 creatures vanquished.

Vanquished Creatures (others)
  2 demonic plants (D:1)
  30 plants
32 creatures vanquished.

Grand Total: 307 creatures vanquished

Notes
Turn   | Place    | Note
-------+----------+-------------------------------------------
     0 | D:1      | cbfl8 the Demonspawn Berserker began the quest for the Orb.
     0 | D:1      | Reached XP level 1. HP: 18/18 MP: 1/1
   150 | D:1      | Gained mutation: You sometimes gain a little power by
                  | taking damage. [demonic ancestry]
   150 | D:1      | Reached XP level 2. HP: 9/24 MP: 2/2
   383 | D:1      | Found a faded altar of an unknown god.
   436 | D:1      | Found Ciexyk's Antique Armour Shoppe.
  1564 | D:2      | Gained mutation: You are partially covered in sharp spines.
                  | [demonic ancestry]
  1564 | D:2      | Reached XP level 3. HP: 25/29 MP: 3/3
  1674 | D:2      | Found a burning altar of Makhleb.
  1697 | D:2      | Identified the ring "Qoegahidwa" {rPois rC+ Will- Str+2
                  | Int+3}
  2018 | D:2      | Reached ** piety under Trog
  2282 | D:2      | Gained mutation: You sometimes gain power by taking damage.
                  | [demonic ancestry]
  2282 | D:2      | Reached XP level 4. HP: 28/37 MP: 4/4
  2983 | D:3      | Gained mutation: You are partially covered in slimy green
                  | scales. (AC +2) [demonic ancestry]
  2983 | D:3      | Reached XP level 5. HP: 42/42 MP: 5/5
  3333 | D:3      | Found a transporter.
  3337 | D:3      | Noticed wrshamilton's ghost (novice MiVM)
  3340 | D:3      | Found a transporter.
  3513 | D:3      | Reached skill level 1 in Shields
  3532 | D:3      | Killed wrshamilton's ghost
  3533 | D:3      | Reached XP level 6. HP: 43/49 MP: 6/6
  3533 | D:3      | Reached XP level 7. HP: 48/55 MP: 7/7
  3699 | D:4      | Reached skill level 5 in Axes
  4407 | D:4      | Identified the +7 short sword of the Unliving {vamp, rF+++
                  | rC++ Int-2 Dex+3}
  4510 | D:4      | Noticed Dowan
  4512 | D:4      | Noticed Duvessa
  4527 | D:4      | Killed Duvessa
  4528 | D:4      | Reached skill level 5 in Fighting
  4532 | D:4      | Killed Dowan
  5168 | D:5      | Entered Level 5 of the Dungeon
  5358 | D:5      | Gained mutation: Your touch may inflict minor irresistible
                  | damage on your foes. [demonic ancestry]
  5358 | D:5      | Reached XP level 8. HP: 40/62 MP: 8/8
  5820 | D:5      | Reached skill level 1 in Evocations
  6344 | D:5      | Reached *** piety under Trog
  6532 | D:5      | Found Ilaopud's Firing Range.
  6657 | D:6      | Found a glowing drain.
  6673 | Sewer    | Entered a sewer
  7563 | D:6      | Reached skill level 5 in Armour
  7569 | D:6      | Reached **** piety under Trog
  7570 | D:6      | Found a runed translucent gate.
  7570 | D:6      | Found a runed translucent gate.
  7570 | D:6      | Found a runed translucent gate.
  7572 | D:6      | Noticed cbfl8's ghost (novice MiBe)
  7826 | D:6      | Reached XP level 9. HP: 44/69 MP: 9/9
  8275 | D:6      | Killed cbfl8's ghost
  9143 | D:7      | Found a staircase to the Ecumenical Temple.
 10212 | D:7      | Reached XP level 10. HP: 57/79 MP: 6/10
 10216 | D:7      | Reached skill level 5 in Shields
 11009 | D:8      | Found Ciysm's Gadget Gallery.
 11018 | D:8      | Bought a wand of iceblast (6) for 130 gold pieces
 11018 | D:8      | Bought a wand of iceblast (5) for 117 gold pieces
 11067 | D:8      | Identified the +0 robe "Ofymis" {Slay+2}
 11118 | D:8      | Noticed Joseph
 11125 | D:8      | Killed Joseph
 11179 | D:8      | Reached skill level 5 in Evocations
 11180 | D:8      | Found a sand-covered staircase.
 11203 | Ossuary  | Entered an ossuary
 12272 | D:9      | Gained mutation: Your touch may inflict irresistible damage
                  | on your foes. [demonic ancestry]
 12272 | D:9      | Reached XP level 11. HP: 87/87 MP: 8/11
 12707 | D:9      | Found a blossoming altar of Fedhas.
 12983 | D:10     | Entered Level 10 of the Dungeon
 13242 | D:10     | Noticed a sun demon
 13248 | D:10     | HP: 2/89 [rust devil[a kobold demonologist] (4)]
 13250 | D:10     | Mangled by a red devil

Illustrated notes

Levels and vault maps discovered:
D:1:      dpeg_arrival_arbitrary_c, layout_basic,
          dreamdust_ecumenical_altar_sealed_demon, serial_shops,
          nicolae_shop_statue_plus
D:2:      layout_loops_ring, basic_altar
D:3:      layout_loops_ring, gammafunk_ghost_mausoleum
D:4:      layout_cave_pods, serial_park, serial_park_square1
          [serial_park_minivault_5x5_7], serial_park_square2,
          serial_park_square3 [serial_park_minivault_5x5_1], uniq_duvessa
D:5:      layout_basic, nicolae_shop_firing_range
D:6:      layout_loops_ring, portal_sewer_entry_a, gammafunk_ghost_split,
          minmay_misc_feat_columns
D:7:      layout_basic, minmay_temple_entry_statues_fountains
D:8:      layout_layer_cave, enter_ossuary_1, ebering_dispersal_statue_hall,
          serial_park_tiny_1, grunt_decor_fettered, nicolae_shop_gadgets,
          uniq_joseph
D:9:      layout_cross, mainiacjoe_overflow_paths, chequers_avenue,
          serial_bayou_crossing
D:10:     layout_irregular_city, small_statue_alley_a

Skill      XL: |  1  2  3  4  5  6  7  8  9 10 11 |
---------------+----------------------------------+-----
Dodging        | 2 3 |  3.0
Axes           | 3 4 5 6 8 9 |  9.4
Armour         | 2 3 4 5 6 |  6.5
Fighting       | 4 5 6 7 8 9 |  9.1
Shields        | 2 3 4 5 |  5.9
Evocations     | 2 4 5 |  5.3
Stealth        | |  0.8

Action                   |  1- 3 |  4- 6 |  7- 9 | 10-12 || total
-------------------------+-------+-------+-------+-------++-------
Melee: Hand axe          |   108 |    81 |   430 |       ||   619
       War axe           |       |       |    17 |   195 ||   212
Invok: Berserk           |       |     1 |     5 |     5 ||    11
       Trog's Hand       |       |     1 |     1 |     2 ||     4
       Brothers in Arms  |       |       |       |     3 ||     3
Evoke: Wand              |       |       |     3 |       ||     3
  Use: Potion            |       |       |     3 |     3 ||     6
       Scroll            |       |       |       |     9 ||     9
Armor: Animal skin       |    15 |       |       |       ||    15
       Plate armour      |    37 |    61 |   230 |   110 ||   438
Dodge: Dodged            |    36 |    17 |    94 |    75 ||   222
Block: Kite shield       |    21 |    30 |   213 |   111 ||   375
